 Dungeon Crawl Stone Soup version 0.30-a0-626-gd6a5dd7a1f (webtiles) character file.

Game seed: 10164858475559292672

516 OTABOTABOTAB the Caller (level 7, -5/31 HPs)
             Began as a Felid Summoner on Jan 12, 2023.
             Was an Initiate of Gozag.
             Killed from afar by an orc wizard (12 damage)
             ... with a puff of flame
             ... on level 5 of the Dungeon.
             The game lasted 00:26:19 (6484 turns).

OTABOTABOTAB the Caller (Felid Summoner)            Turns: 6484, Time: 00:26:19

Health: -5/31      AC:  2    Str:  4    XL:     7   Next: 0%
Magic:  0/15       EV: 19    Int: 19    God:    Gozag
Gold:   137        SH:  0    Dex: 16    Spells: 6/15 levels left
                                        Lives:  0   Deaths: 2

rFire   . . .      SeeInvis +    (weapon unavailable)
rCold   . . .      Faith    .    (shield unavailable)
rNeg    . . .      Spirit   .    (body armour unavailable)
rPois   .          Reflect  .    (helmet unavailable)
rElec   .          Harm     .    (cloak unavailable)
rCorr   .          Rampage  .    (gloves unavailable)
Will    +....                    (boots unavailable)
Stlth   ++                       (no amulet)
HPRegen 0.25/turn                (no ring)
MPRegen 0.14/turn                (no ring)

@: quick
A: very small, claws 1, fangs 3, see invisible, speed 1, shaggy fur 2, stealthy
paws, no weapons or thrown items, no armour, multi-lived
a: Renounce Religion, Potion Petition, Call Merchant, Bribe Branch


You were on level 5 of the Dungeon.
You worshipped Gozag.
Gozag was aware of your devotion.
You visited 2 branches of the dungeon, and saw 9 of its levels.

You collected 259 gold pieces.
You paid 122 gold pieces to Gozag.

Inventory:

Missiles
 m - a throwing net {!d}
Jewellery
 c - a ring of ice {rC+, rF-}
   (You found it on level 1 of the Dungeon)
 d - an amulet of faith
   (You found it on level 1 of the Dungeon)
 q - an amulet of regeneration
   (You found it on level 2 of the Dungeon)
Scrolls
 e - 2 scrolls of amnesia {unknown}
 f - 2 scrolls of poison {unknown}
 i - a scroll of enchant armour {unknown}
 j - a scroll of fog {unknown}
 n - 4 scrolls of magic mapping {unknown}
 o - 3 scrolls of vulnerability {unknown}
 s - 2 scrolls of brand weapon {unknown}
 t - 2 scrolls of enchant weapon {unknown}
 u - 7 scrolls of identify {unknown}
 Y - 4 scrolls of teleportation {@r3}
Potions
 a - 3 potions of brilliance {unknown}
 b - 2 potions of ambrosia {unknown}
 g - a potion of magic
 h - 2 potions of curing {unknown}
 k - 2 potions of attraction {unknown}
 l - a potion of degeneration {unknown}
 p - a potion of heal wounds {unknown}
 r - a potion of cancellation {unknown}
 w - 2 potions of mutation {unknown}
 z - a potion of resistance {unknown}
 M - 2 potions of might
 T - a potion of berserk rage {!q}


   Skills:
 + Level 3.4 Fighting
 + Level 5.5 Dodging
 - Level 2.6 Stealth
 + Level 4.6 Spellcasting
 + Level 4.9 Hexes
 + Level 6.1 Summonings


You had 6 spell levels left.
You knew the following spells:

 Your Spells              Type           Power      Damage    Failure   Level
a - Summon Small Mammal   Summ           100%       N/A       1%          1
b - Call Canine Familiar  Summ           27%        N/A       3%          3
c - Call Imp              Summ           27%        N/A       1%          2
d - Summon Guardian Gole  Hex/Summ       25%        N/A       4%          3

Your spell library contained the following spells:

 Spells                   Type           Power      Damage    Failure   Level
 Apportation              Tloc           8%         N/A       13%         1
 Necrotise                Necr           16%        1d4       13%         1
 Inner Flame              Hex/Fire       13%        N/A       14%         3
 Cause Fear               Hex            11%        N/A       17%         4
 Summon Lightning Spire   Summ/Air       16%        N/A       34%         4
 Discord                  Hex            11%        N/A       100%        8


Dungeon Overview and Level Annotations

Branches:
Dungeon (8/15)             Temple (1/1) D:5
   Lair: D:8-11

Altars:
Cheibriados
Dithmenos
Elyvilon
Gozag
Hepliaklqana
Kikubaaqudgha
Makhleb
Nemelex Xobeh
Sif Muna
Vehumet
Zin

Shops:
D:5 [

Annotations:
D:4 Sigmund
D:6 Edmund


Innate Abilities, Weirdness & Mutations

You have sharp claws.
You have razor-sharp teeth.
You have supernaturally acute eyesight. (SInv)
You cover ground quickly. (Speed+)
You are covered in thick fur. (AC +2)
Your paws help you pounce on unaware monsters.
You are incapable of wielding weapons or throwing items.
You cannot wear armour.
You gain extra lives every three experience levels.


Message History

MASSIVE DAMAGE!!
Your hound closely misses the orc wizard.
The orc wizard casts a spell at you. The puff of flame misses you.
The orc wizard closely misses your crimson imp.
The orc throws a boomerang.
The boomerang hits your crimson imp.
Your crimson imp hits the orc wizard but does no damage.
There is an open door here.
There is an open door here.
The orc throws a boomerang.
The boomerang hits your crimson imp. What are your orders? t - Meow!
Orders for allies: a - Attack new target. r - Retreat! s - Stop attacking. g - Guard the area. f - Follow me.
Anything else - Cancel.
Gang up on whom?
Aim: an orc, wielding a +1 hand axe of freezing, wearing a +0 scale mail and quivering boomerangs Attack!
You now have 3/15 mp.
Your crimson imp barely misses the orc wizard.
What are your orders? t - Meow!
Orders for allies: a - Attack new target. p - Attack previous target. r - Retreat! s - Stop attacking. g - Guard the area. f - Follow me.
Anything else - Cancel.
Gang up on whom?
Aim: an orc, wielding a +1 hand axe of freezing, wearing a +0 scale mail and quivering boomerangs (ally target) Attack!
The orc wizard closely misses your crimson imp.
Your crimson imp closely misses the orc wizard.
The orc wizard misses your crimson imp.
The orc completely misses your crimson imp.
Your crimson imp hits the orc but does no damage.
The orc wizard hits your crimson imp with a +0 dagger.
The orc hits your crimson imp with a +1 hand axe of freezing!
The orc freezes your crimson imp.
Your crimson imp closely misses the orc.
The orc wizard casts a spell.
The orc wizard flickers and vanishes for a moment.
The orc hits your crimson imp with a +1 hand axe of freezing.
The orc freezes your crimson imp.
Your crimson imp dies!
Your crimson imp disappears in a puff of smoke!
The orc wizard barely misses your hound.
The orc hits your hound with a +1 hand axe of freezing.
The orc freezes your hound.
Your hound barely misses the orc.
Your hound bites the orc but does no damage.
The orc wizard hits your hound with a +0 dagger.
The orc throws a boomerang.
The boomerang hits your hound.
Your hound bites the orc.
The orc wizard barely misses your hound.
The orc completely misses your hound.
Your hound bites the orc.
The orc dies!
Your hound bites the orc wizard.
The orc wizard casts a spell at you. The magic dart hits your hound.
Your hound closely misses the orc wizard.
The orc wizard hits your hound with a +0 dagger.
Your hound dies!
Your hound's corpse disappears in a puff of smoke!
You now have 2/15 mp.
What are your orders? t - Meow!
Orders for allies: a - Attack new target. r - Retreat! s - Stop attacking. g - Guard the area. f - Follow me.
Anything else - Cancel.
Gang up on whom?
Aim: an orc wizard, wielding a +0 dagger and wearing a +0 robe (heavily wounded, slightly transparent, ally target) Attack!
You swap places.
Your hound barely misses the orc wizard.
The orc wizard gestures at you while chanting.
The magic dart hits you!
* * * LOW HITPOINT WARNING * * *
You take 10 damage, and have 5/31 hp.
MASSIVE DAMAGE!!
Your hound misses the orc wizard. The orc wizard casts a spell at you.
The puff of flame hits your hound!
Your hound barely misses the orc wizard.
Your hound bites the orc wizard.
The orc wizard hits your hound with a +0 dagger.
Your hound closely misses the orc wizard.
The orc wizard closely misses your hound.
Your hound closely misses the orc wizard.
Your hound bites the orc wizard.
The orc wizard misses your hound.
Your hound barely misses the orc wizard.
The orc wizard closely misses your hound.
Your hound barely misses the orc wizard.
The orc wizard gestures at you while chanting.
The puff of flame hits your hound!
Your hound dies!
Your hound's corpse disappears in a puff of smoke!
The orc wizard casts a spell at you. The puff of flame hits you!
You die...
Your body crumbles into a pile of gold.

###### .....# ...#.#
#.#..# .∩...#####
#.#......#########
...#.....'......h+
.........#.......# .#
.####....#......@# ..#
## #....#......§# ...#
#####....#...###o# ...#
.#..#....#######.##...#
.'..#....#......$.....#
.#..#....#...o........#
###'#....##..###..##..#
##....#####h.###..## ##
.#....#..o5........#


You could see an orc wizard (invisible, ally target) and a friendly hound
(summoned).

Vanquished Creatures
  A bullfrog (D:6)
1 creature vanquished.

Vanquished Creatures (collateral kills)
  Eustachio (D:4)
  2 water moccasins
  An ice beast (D:7)
  An ogre (D:5)
  2 scorpions
  A hound (D:5)
  A jelly (D:4)
  An orc priest (D:5)
  An orc wizard (D:4)
  Robin (D:3)
  9 gnolls
  An adder (D:4)
  An ufetubus (D:5)
  4 dart slugs
  5 orcs
  2 bats
  7 endoplasms
  A giant cockroach (D:4)
  15 goblins
  8 hobgoblins
  8 jackals
  2 quokkas
  6 ball pythons
  3 frilled lizards
  5 kobolds
  2 rats
91 creatures vanquished.

Grand Total: 92 creatures vanquished

Notes
Turn   | Place    | Note
-------+----------+-------------------------------------------
     0 | D:1      | OTABOTABOTAB the Felid Summoner began the quest for the
                  | Orb.
     0 | D:1      | Reached XP level 1. HP: 7/7 MP: 4/4
   415 | D:1      | Reached XP level 2. HP: 11/11 MP: 1/6
   672 | D:1      | Found a faded altar of an unknown god.
   812 | D:1      | Learned a level 2 spell: Call Imp
   984 | D:2      | Reached XP level 3. HP: 14/14 MP: 5/8
  1034 | D:2      | Reached skill level 3 in Spellcasting
  1394 | D:2      | Reached XP level 4. HP: 15/18 MP: 6/9
  1398 | D:2      | Learned a level 3 spell: Call Canine Familiar
  1402 | D:2      | Learned a level 3 spell: Summon Guardian Golem
  2807 | D:3      | Noticed Robin
  2827 | D:3      | Killed Robin
  2828 | D:3      | Reached skill level 3 in Dodging
  2828 | D:3      | Reached skill level 1 in Hexes
  2837 | D:3      | Reached skill level 5 in Summonings
  3384 | D:4      | Reached skill level 1 in Fighting
  3384 | D:4      | Reached XP level 5. HP: 22/22 MP: 1/11
  3593 | D:4      | Noticed Sigmund
  3683 | D:4      | Noticed Eustachio
  3939 | D:4      | Reached skill level 2 in Hexes
  4293 | D:4      | Gained mutation: You are covered in thick fur. (AC +2)
                  | [Felid growth]
  4293 | D:4      | Reached XP level 6. HP: 23/26 MP: 7/12
  5296 | D:4      | Killed Eustachio
  5297 | D:4      | Reached skill level 2 in Fighting
  5297 | D:4      | Reached skill level 4 in Dodging
  5297 | D:4      | Reached skill level 3 in Hexes
  5382 | D:5      | Entered Level 5 of the Dungeon
  5419 | D:5      | Reached skill level 4 in Spellcasting
  5471 | D:5      | You fall into a shaft and drop 3 floors!
  5630 | D:7      | Noticed an ice beast
  5653 | D:7      | Killed an ice beast
  5654 | D:7      | Reached XP level 7. HP: 30/30 MP: 4/14
  5674 | D:6      | Reached skill level 4 in Hexes
  5682 | D:6      | HP: 5/30 [hound (4)]
  5682 | D:6      | Mangled by an iguana
  5683 | D:6      | Reached XP level 6. HP: -9/27 MP: 7/13
  5710 | D:6      | Noticed Edmund
  5738 | D:5      | Found a staircase to the Ecumenical Temple.
  5757 | D:5      | Noticed a water moccasin
  5770 | Temple   | Entered the Ecumenical Temple
  5781 | Temple   | HP: 2/27 [water moccasin (7)]
  5792 | Temple   | HP: 1/27 [water moccasin (3)]
  5793 | Temple   | Slain by a water moccasin
  5794 | Temple   | Reached XP level 5. HP: -1/23 MP: 1/12
  5826 | Temple   | Killed a water moccasin
  5827 | Temple   | Reached skill level 3 in Fighting
  5827 | Temple   | Reached skill level 5 in Dodging
  5827 | Temple   | Reached XP level 6. HP: 11/28 MP: 7/13
  6001 | Temple   | Became a worshipper of Gozag Ym Sagoz the Greedy
  6014 | D:5      | Noticed a water moccasin
  6074 | D:4      | Killed a water moccasin
  6075 | D:4      | Reached skill level 6 in Summonings
  6136 | D:5      | Found Carire Ogune's Antique Armour Shop.
  6438 | D:5      | Reached XP level 7. HP: 17/31 MP: 8/15
  6477 | D:5      | HP: 5/31 [orc wizard/magic dart (10)]
  6484 | D:5      | Killed from afar by an orc wizard

Illustrated notes

Levels and vault maps discovered:
D:1:      dpeg_arrival_simpleton_b, layout_basic,
          ebering_ecumenical_altar_abandoned
D:2:      layout_basic, chequers_jeans
D:3:      layout_rooms, uniq_robin
D:4:      layout_rooms, uniq_sigmund, uniq_eustachio
D:5:      layout_gridville, minmay_temple_entry_slanted, serial_shops, shop,
          nicolae_shop_advertising_works [nicolae_subvault_shop_adworks],
          uniq_pikel, uniq_menkaure
D:6:      layout_rooms, lightli_church_of_beogh, uniq_grinder, uniq_edmund
D:7:      layout_basic, minmay_manual_mail
D:8:      layout_basic, hellmonk_lair_entry_icy, ebering_ghost_reflecting_pool,
          serial_corexii_hall, chequers_hall_statues_corner_a,
          chequers_hall_statues_wall_a, minmay_misc_feat_roman,
          minmay_misc_feat_hallway
Temple:   eino_temple_rhombus

Skill      XL: |  1  2  3  4  5  6  7 |
---------------+----------------------+-----
Spellcasting   | 3 4 |  4.6
Dodging        | 3 5 4 |  5.5
Hexes          | 1 2 3 4 |  4.9
Summonings     | 5 6 |  6.1
Fighting       | 1 3 2 |  3.4
Stealth        | |  2.6

Action                   |  1- 3 |  4- 6 |  7- 9 || total
-------------------------+-------+-------+-------++-------
Melee: Unarmed           |       |     2 |     9 ||    11
       Bite              |       |     1 |     1 ||     2
 Cast: Summon Small Mamm |    31 |    20 |       ||    51
       Call Imp          |     8 |    29 |     1 ||    38
       Call Canine Famil |       |    66 |     4 ||    70
  Use: Scroll            |       |       |     1 ||     1
       Potion            |       |       |     1 ||     1
Armor: Skin              |       |    16 |     1 ||    17
Dodge: Dodged            |     9 |   150 |    28 ||   187

Table legend: (Time is in decaauts)
 A = Elapsed time spent in this place.
 B = Non-inter-level travel time spent in this place.
 C = Inter-level travel time spent in this place.
 D = Time resting spent in this place.
 E = Time spent auto-exploring this place.
 F = Levels seen in this place.
 G = Mean time per level.
                   A        B        C        D        E       F      G
               +--------+--------+--------+--------+--------+-----+--------+
         Total |   5763 |   5547 |    216 |   1038 |   2895 |   9 |  640.3 |
       Dungeon |   5538 |   5326 |    212 |    881 |   2889 |   8 |  692.2 |
        Temple |    224 |    220 |      4 |    157 |      6 |   1 |  224.0 |
               +--------+--------+--------+--------+--------+-----+--------+

Top non-repeatable levels by time:
     D:4: 1698 daAuts
     D:2: 1172 daAuts
     D:3: 1138 daAuts
     D:1: 813 daAuts
     D:5: 475 daAuts
  Temple: 224 daAuts
     D:7: 175 daAuts
     D:6: 60 daAuts
     D:8: 4 daAuts

Table legend:
 A = Kills in this place as a percentage of kills in entire the game.
 B = Kills by you in this place as a percentage of kills by you in the entire game.
 C = Kills by friends in this place as a percentage of kills by friends in the entire game.
 D = Other kills in this place as a percentage of other kills in the entire game.
 E = Experience gained in this place as a percentage of experience gained in the entire game.
 F = Experience gained in this place divided by the number of levels of this place that you have seen.
                   A       B       C       D       E      F
               +-------+-------+-------+-------+-------+----------------------
         Total | 100.0 | 100.0 | 100.0 |   N/A | 100.0 | 158.4
       Dungeon |  98.9 | 100.0 |  98.9 |   N/A |  90.0 | 160.5
        Temple |   1.1 |   0.0 |   1.1 |   N/A |  10.0 | 142.0
               +-------+-------+-------+-------+-------+----------------------
